 Dungeon Crawl Stone Soup version 0.28-a0-1235-g7c8fac35f0 (webtiles) character file.

Game seed: 3171216452685523225

18 Vash the Insei (level 2, 23/23 HPs)
             Began as a Gnoll Transmuter on Dec 24, 2021.
             Was a Follower of Wu Jian.
             Got out of the dungeon alive.
             The game lasted 00:00:55 (641 turns).

Vash the Insei (Gnoll Transmuter)                    Turns: 641, Time: 00:00:56

Health: 23/23      AC:  2    Str:  9    XL:     2   Next: 66%
Magic:  7/7        EV: 13    Int: 12    God:    Wu Jian [*.....]
Gold:   12         SH:  0    Dex: 12    Spells: 9/10 levels left

rFire   . . .      SeeInvis .     - Unarmed
rCold   . . .      Faith    .   (no shield)
rNeg    . . .      Spirit   .   a - +0 robe
rPois   .          Reflect  .   (no helmet)
rElec   .          Harm     .   (no cloak)
rCorr   .          Rampage  .   (no gloves)
Will    .....                   (no boots)
Stlth   +.........              (no amulet)
HPRegen 0.07/turn               (no ring)
MPRegen 0.10/turn               (no ring)

@: no status effects
A: fangs 1, strong nose, distributed training
a: Renounce Religion


You escaped.
You worshipped Wu Jian.
Wu Jian was aware of your devotion.
You visited 1 branch of the dungeon, and saw 1 of its levels.

You collected 12 gold pieces.

Inventory:

Armour
 a - a +0 robe (worn)
Scrolls
 c - 2 scrolls of identify {unknown}
 d - a scroll of enchant weapon {unknown}
Potions
 b - a potion of cancellation {unknown}


   Skills:
 + Level 2.5 Fighting
 + Level 0.5 Short Blades
 + Level 0.5 Long Blades
 + Level 0.5 Axes
 + Level 0.5 Maces & Flails
 + Level 0.5 Polearms
 + Level 0.5 Staves
 + Level 0.5 Slings
 + Level 0.5 Bows
 + Level 0.5 Crossbows
 + Level 0.5 Throwing
 + Level 0.5 Armour
 + Level 4.5 Dodging
 + Level 0.5 Stealth
 + Level 0.5 Shields
 + Level 6.5 Unarmed Combat
 + Level 4.9 Spellcasting
 + Level 0.3 Conjurations
 + Level 0.3 Hexes
 + Level 0.3 Summonings
 + Level 0.3 Necromancy
 + Level 0.3 Translocations
 + Level 3.7 Transmutations
 + Level 0.3 Fire Magic
 + Level 0.3 Ice Magic
 + Level 0.3 Air Magic
 + Level 0.3 Earth Magic
 + Level 0.3 Poison Magic
 + Level 0.6 Invocations
 + Level 0.5 Evocations


You had 9 spell levels left.
You knew the following spells:

 Your Spells              Type           Power      Damage    Failure   Level
a - Beastly Appendage     Tmut           22%        N/A       4%          1

Your spell library contained the following spells:

 Spells                   Type           Power      Damage    Failure   Level
 Wereblood                Tmut           11%        N/A       7%          2
 Spider Form              Tmut/Pois      7%         N/A       26%         3
 Ice Form                 Ice/Tmut       7%         N/A       65%         4


Dungeon Overview and Level Annotations

Branches:
Dungeon (1/15)

Altars:
Wu Jian


Innate Abilities, Weirdness & Mutations

You have very sharp teeth.
Your uncanny sense of smell can sniff out nearby items.
Your experience applies equally to all skills.


Message History

No target in view!
No target in view!
No target in view!
No target in view!
You start resting.
HP restored.
Things that are here:
a +0 dagger; a frilled lizard corpse; a bat corpse
Things that are here:
a +0 dagger; a frilled lizard corpse; a bat corpse
Found 18 stones.
Found a faded altar of an unknown god.
Found 2 stones.
d - a scroll labelled ZIXTIR VEHOOL
There is a faded altar of an unknown god here.
You cannot tell which god this altar belongs to.
Convert to them anyway?
Wu Jian accepts your prayer! The Council welcomes you!
You can now perform damaging attacks by moving towards foes.
You can now lightly attack monsters by moving around them.
You offer a prayer to Wu Jian.
You aren't carrying any pieces of jewellery.
Unknown command.
Press < or > to pray at altars.
You are a level 2 Gnoll Transmuter.
You are 66% of the way to level 3.
Play time: 00:00:45 (530 turns).
Zot will find you in 5475 turns if you stay in this branch and explore no new floors.
Okay, then.
Casting: Beastly Appendage (safe; 4% risk of failure)
Confirm with . or Enter, or press ? or * to list all spells.
You don't know that spell.
You pick your way through the web.
There is a web here.
Things that are here:
a +0 dagger; a frilled lizard corpse; a bat corpse You see here a jackal skeleton.
There is an open door here.
There is a staircase leading out of the dungeon here.
You can't go down here!
Are you sure you want to leave the Dungeon?
This will make you lose the game!
You have escaped!

#.#................#
#.#..######.......##
##....# ##.....##
#.....# ##...##
#.###.# ##.## #.#
#.# #.## #.###.#
#..# #.....# ##'#
#.##### #@# #.# #+#
#.#########
#.........#
#.....###.# #.###.#
#.# #.# #.# #.# #.#
#.# #.# #.# #.###.#


There were no monsters in sight!

Vanquished Creatures
  An endoplasm (D:1)
  3 giant cockroaches (D:1)
  2 goblins (D:1)
  3 jackals (D:1)
  A quokka (D:1)
  A bat (D:1)
  A frilled lizard (D:1)
  2 kobolds (D:1)
  2 rats (D:1)
16 creatures vanquished.

Notes
Turn   | Place    | Note
-------+----------+-------------------------------------------
     0 | D:1      | Vash the Gnoll Transmuter began the quest for the Orb.
     0 | D:1      | Reached XP level 1. HP: 17/17 MP: 6/6
   350 | D:1      | Reached XP level 2. HP: 23/23 MP: 5/7
   516 | D:1      | Found a faded altar of an unknown god.
   528 | D:1      | Prayed at the altar of an unknown god.
   528 | D:1      | Became a worshipper of the Wu Jian Council
   528 | D:1      | Reached * piety under Wu Jian
   641 | D:$      | Got out of the dungeon alive.

Illustrated notes

Levels and vault maps discovered:
D:1:      dpeg_arrival_tiny_b, layout_loops_ring, ebering_ecumenical_altar_webs

Action                   || total
-------------------------++-------
Melee: Unarmed           ||    46
       Bite              ||     4
       Kick              ||     1
       Punch             ||     2
       Headbutt          ||     1
 Cast: Beastly Appendage ||     5
Armor: Robe              ||    13
Dodge: Dodged            ||    47

Table legend: (Time is in decaauts)
 A = Elapsed time spent in this place.
 B = Non-inter-level travel time spent in this place.
 C = Inter-level travel time spent in this place.
 D = Time resting spent in this place.
 E = Time spent auto-exploring this place.
 F = Levels seen in this place.
 G = Mean time per level.
                   A        B        C        D        E       F      G
               +--------+--------+--------+--------+--------+-----+--------+
         Total |    635 |    529 |    106 |    110 |    303 |   1 |  635.0 |
       Dungeon |    635 |    529 |    106 |    110 |    303 |   1 |  635.0 |
               +--------+--------+--------+--------+--------+-----+--------+

Top non-repeatable levels by time:
     D:1: 635 daAuts
